 Dungeon Crawl Stone Soup version 0.21-a0-401-g0b6bec4 (webtiles) character file.

2 MackTheKnife the Changer (level 1, 0/25 HPs)
             Began as a Demigod Wanderer on Oct 21, 2017.
             Slain by a bat (1 damage)
             ... on level 1 of the Dungeon.
             The game lasted 00:00:44 (52 turns).

MackTheKnife the Changer (Demigod Wanderer)           Turns: 52, Time: 00:00:45

Health: 0/25       AC: 20    Str: 15    XL:     1   Next: 26%
Magic:  4/4        EV:  2    Int: 17    God:
Gold:   0          SH:  0    Dex: 14    Spells: 1/2 levels left

rFire    . . .     SeeInvis .   (no weapon)
rCold    . . .     Gourm    .   (no shield)
rNeg     + + +     Faith    .   (armour currently unavailable)
rPois    +         Spirit   .   (helmet currently unavailable)
rElec    .         Reflect  .   (cloak currently unavailable)
rCorr    .         Harm     .   (gloves currently unavailable)
MR       .....     NoTele   +   (boots currently unavailable)
Stlth    +.........             (no amulet)
HPRegen  0.08/turn              (no ring)
MPRegen  0.09/turn              (no ring)

@: tree-form
A: high mp 1
a: no special abilities


You were on level 1 of the Dungeon.
You were not hungry.
You were a tree.
You visited 1 branch of the dungeon, and saw 1 of its levels.

Inventory:

Armour
 d - a +0 robe (melded)
Books
 a - a book of Changes
Comestibles
 f - a bread ration {@e1}


   Skills:
 - Level 1.7 Fighting
   Level 1.0 Long Blades
 - Level 1.7 Dodging
   Level 1.7 Shields
 + Level 0.6 Unarmed Combat
 - Level 1.0 Spellcasting
 - Level 1.7 Transmutations


You had one spell level left.
You knew the following spells:

 Your Spells              Type           Power        Failure   Level  Hunger
a - Beastly Appendage     Tmut           #.....       11%         1    ##.....


Dungeon Overview and Level Annotations

Branches:
Dungeon (1/15)


Innate Abilities, Weirdness & Mutations

You have an increased reservoir of magic. (+10% MP)


Message History

You barely miss the bat. The bat hits you but does no damage.
The bat barely misses you. The bat hits you but does no damage. x2
You miss the bat. The bat barely misses you. The bat misses you.
The bat closely misses you. The bat barely misses you. x2
You miss the bat. The bat completely misses you.
The bat hits you but does no damage. The bat misses you.
The bat hits you but does no damage.
You hit the bat. The bat hits you but does no damage. The bat hits you.
You take 1 damage, and have 15/17 hp.
You closely miss the bat. The bat hits you. The bat closely misses you.
You miss the bat. The bat misses you. The bat closely misses you.
A kobold comes into view.
The bat closely misses you. The bat hits you.
You take 1 damage, and have 14/17 hp.
You closely miss the bat.
The kobold shouts!
The bat closely misses you. The bat barely misses you.
A frilled lizard comes into view.
The frilled lizard hisses angrily.
You hit the bat.
You kill the bat!
The bat closely misses you. The bat hits you.
A bat comes into view.
You take 1 damage, and have 13/17 hp.
You hit the bat but do no damage. The bat closely misses you.
You hit the bat but do no damage. The bat misses you.
The bat barely misses you.
You barely miss the bat. The bat barely misses you. The bat closely misses you.
You barely miss the bat. The bat hits you but does no damage. x3
The bat hits you.
You closely miss the bat. The bat misses you. x2
You take 1 damage, and have 12/17 hp.
You hit the bat. The bat hits you. The bat hits you but does no damage.
The bat closely misses you. The bat hits you but does no damage.
The kobold hits you but does no damage. The bat barely misses you.
You take 1 damage, and have 11/17 hp.
You closely miss the bat. The bat hits you but does no damage.
The bat misses you. The frilled lizard misses you.
The kobold barely misses you.
You completely miss the bat. The bat hits you. The bat closely misses you. x2
The frilled lizard bites you but does no damage.
The kobold hits you.
You take 2 damage, and have 9/17 hp.
You are too injured to fight recklessly!
You are too injured to fight recklessly!
You are too injured to fight recklessly!
You are too injured to fight recklessly!
The bat closely misses you. The bat misses you.
The bat hits you but does no damage. The bat hits you but does no damage. x2
The bat closely misses you. The bat hits you but does no damage. x2
The bat hits you. The bat closely misses you.
You take 1 damage, and have 8/17 hp.
The bat closely misses you. The bat misses you.
The bat hits you but does no damage. The bat hits you.
You take 1 damage, and have 7/17 hp.
A hobgoblin comes into view. It is wielding a club.
The hobgoblin shouts!
The bat hits you. The bat hits you.
You take 1 damage, and have 6/17 hp.
The bat misses you. The bat hits you.
* * * LOW HITPOINT WARNING * * *
You take 1 damage, and have 5/17 hp.
You barely miss the hobgoblin. The bat closely misses you.
The hobgoblin hits you but does no damage.
The bat hits you but does no damage.
You hit the hobgoblin. The bat hits you but does no damage.
The hobgoblin barely misses you.
You hit the hobgoblin but do no damage. The bat closely misses you. x2
The hobgoblin hits you with a club.
* * * LOW HITPOINT WARNING * * *
You take 2 damage, and have 3/17 hp.
You closely miss the hobgoblin. The bat barely misses you.
The bat closely misses you. The hobgoblin misses you.
You barely miss the hobgoblin. The bat hits you but does no damage. x2
The hobgoblin misses you.
You hit the hobgoblin. The bat barely misses you.
The hobgoblin barely misses you.
You hit the hobgoblin but do no damage. The bat misses you. x2
The hobgoblin hits you with a club.
* * * LOW HITPOINT WARNING * * *
You take 2 damage, and have 1/17 hp.
You hit the hobgoblin but do no damage. The bat hits you but does no damage.
The hobgoblin closely misses you.
Really quaff
c - a potion of lignification {!q}?
You turn into a tree.
Your +0 robe melds into your body.
Your roots penetrate the ground.
The bat hits you but does no damage.
The hobgoblin hits you but does no damage.
You now have 1/25 hp.
You smack the hobgoblin!
You kill the hobgoblin!
The bat hits you but does no damage. The bat completely misses you.
You cannot move.
You cannot move.
You smack the bat!
You kill the bat!
The bat hits you.
You die...

##########
#######>.......#
#..)♣b.l...###.#
#.#####K##..##.#
#.##..##.#
#lK....#.##
#.........####.
#..............
#.....##♣♣♣.♣♣♣
#.....# ♣⌠♣
#.#...♣♣♣♣♣.♣♣♣


You could see a bat, a kobold and a frilled lizard.

Vanquished Creatures
  A hobgoblin (D:1)
  2 bats (D:1)
3 creatures vanquished.

Notes
Turn   | Place    | Note
-------+----------+-------------------------------------------
     0 | D:1      | MackTheKnife the Demigod Wanderer began the quest for the Orb.
     0 | D:1      | MackTheKnife set off with: a book of Changes, a +0 short sword, a potion of lignification {!q}, a +0 robe, a bread ration {@e1}
     0 | D:1      | Reached XP level 1. HP: 17/17 MP: 4/4
     2 | D:1      | Learned a level 1 spell: Beastly Appendage
    44 | D:1      | HP: 3/17 [hobgoblin/club (2)]
    48 | D:1      | HP: 1/17 [hobgoblin/club (2)]
    52 | D:1      | Slain by a bat

Vault maps used:
D:1:      scummos_arrival_forest

Action                   || total
-------------------------++-------
Melee: Unarmed           ||    26
  Use: Potion            ||     1
Armor: Robe              ||    25
       Skin              ||     2
Dodge: Dodged            ||    50

Table legend:
 A = Spawn XP
 B = Non-spawn XP
 C = Spawn XP percentage of total XP
 D = Spawn monster count
 E = Non-spawn monster count
 F = Spawn count percentage of total count
 G = Total turns spent on level
                    A         B        C        D         E        F      G
               +---------+---------+-------+---------+---------+-------+---------
         Total |       0 |       4 |   0.0 |       0 |       3 |   0.0 |    52
               +---------+---------+-------+---------+---------+-------+---------
           D:1 |       0 |       4 |   0.0 |       0 |       3 |   0.0 |    52
               +---------+---------+-------+---------+---------+-------+---------

Vault maps used:
D:1:      scummos_arrival_forest

Table legend:
 A = Turns spent in this place as a percentage of turns spent in the entire game.
 B = Non-inter-level travel turns spent in this place as a percentage of non-inter-level travel turns spent in the entire game.
 C = Inter-level travel turns spent in this place as a percentage of turns spent in this place.
 D = Turns resting spent in this place as a percentage of non-inter-level travel turns spent in this place.
 E = Turns spent auto-exploring this place as a percentage of non-inter-level travel turns spent in this place.
 F = Non-inter-level travel turns spent in this place divided by the number of levels of this place that you've seen.
                   A       B       C       D       E      F
               +-------+-------+-------+-------+-------+----------------------
         Total | 100.0 | 100.0 |   0.0 |   0.0 |  13.5 |  52.0
       Dungeon | 100.0 | 100.0 |   0.0 |   0.0 |  13.5 |  52.0
               +-------+-------+-------+-------+-------+----------------------

Table legend:
 A = Kills in this place as a percentage of kills in entire the game.
 B = Kills by you in this place as a percentage of kills by you in the entire game.
 C = Kills by friends in this place as a percentage of kills by friends in the entire game.
 D = Other kills in this place as a percentage of other kills in the entire game.
 E = Experience gained in this place as a percentage of experience gained in the entire game.
 F = Experience gained in this place divided by the number of levels of this place that you have seen.
                   A       B       C       D       E      F
               +-------+-------+-------+-------+-------+----------------------
         Total | 100.0 | 100.0 |   N/A |   N/A | 100.0 |   4.0
       Dungeon | 100.0 | 100.0 |   N/A |   N/A | 100.0 |   4.0
               +-------+-------+-------+-------+-------+----------------------
